 Dungeon Crawl Stone Soup version 0.30.0-19-g36f170ea60 (webtiles) character file.

Game seed: 8132786148264121188

735 growler the Martial Artist (level 7, -9/48 HPs)
             Began as a Merfolk Transmuter on May 27, 2023.
             Shot with an arrow by a centaur (12 damage)
             ... on level 5 of the Dungeon on May 28, 2023.
             The game lasted 00:20:48 (3924 turns).

growler the Martial Artist (Merfolk Transmuter)     Turns: 3924, Time: 00:20:49

Health: -9/48      AC:  2    Str: 10    XL:     7   Next: 74%
Magic:  11/11      EV: 13    Int: 14    God:
Gold:   204        SH:  0    Dex: 21    Spells: 6/12 levels left

rFire   . .          .
                       - Unarmed
rCold   . . .        (no shield)
rNeg    . . .        a - +0 robe
rPois   +            (helmet currently unavailable)
rElec   .            (no cloak)
rCorr   .            (no gloves)
SInv    .            l - melded +1 pair of boots {Fly}
Will    .....        (no amulet)
Stlth   ++           s - ring of poison resistance
HPRegen 0.28/turn    z - +6 ring of dexterity
MPRegen 0.12/turn

%: no passive effects
@: about to teleport, appendages
A: horns 2, (nimble swimmer 2), mertail
a: End Transformation


You were on level 5 of the Dungeon.
You had temporarily grown beastly horns.
You visited 1 branch of the dungeon, and saw 6 of its levels.

You collected 204 gold pieces.

Inventory:

Armour
 a - a +0 robe (worn)
 l - a +1 pair of boots of flying (melded)
 t - a +0 helmet
Jewellery
 k - a ring of magical power
 s - a ring of poison resistance (left hand)
 v - a +6 ring of strength
 z - a +6 ring of dexterity (right hand)
Scrolls
 b - a scroll of torment {unknown}
 c - a scroll of teleportation
 f - a scroll of enchant weapon {unknown}
 j - a scroll of amnesia {unknown}
 n - a scroll of magic mapping {unknown}
 o - 2 scrolls of enchant armour {unknown}
 q - a scroll of fear {unknown}
 r - a scroll of summoning {unknown}
 u - a scroll of blinking {unknown}
 x - a scroll of immolation {unknown}
 y - a scroll of noise {unknown}
 A - a scroll of vulnerability {unknown}
 B - a scroll of silence {unknown}
 C - a scroll of identify
Potions
 d - 2 potions of degeneration
 e - 3 potions of heal wounds
 g - a potion of haste
 h - a potion of resistance {unknown}
 i - 2 potions of attraction {unknown}
 p - a potion of curing {unknown}
 w - a potion of mutation {unknown}


   Skills:
 - Level 1.1 Fighting
 - Level 2.6 Dodging
 + Level 9.0 Unarmed Combat
 - Level 3.0 Spellcasting
 - Level 4.0 Transmutations


You had 6 spell levels left.
You knew the following spells:

 Your Spells              Type           Power      Damage    Failure   Level
a - Beastly Appendage     Tmut           26%        N/A       4%          1
b - Wereblood             Tmut           13%        N/A       6%          2
c - Spider Form           Tmut/Pois      7%         N/A       28%         3

Your spell library contained the following spells:

 Spells                   Type           Power      Damage    Failure   Level
 Magic Dart               Conj           8%         1d3       22%         1
 Call Imp                 Summ           4%         N/A       32%         2
 Mephitic Cloud           Conj/Pois/Air  2%         N/A       54%         3
 Ice Form                 Ice/Tmut       7%         N/A       67%         4


Dungeon Overview and Level Annotations

Branches:
Dungeon (6/15)
 Temple: D:4-7

Altars:
Ru

Annotations:
D:6 Maggie


Innate Abilities, Weirdness & Mutations

You have temporarily grown beastly horns.
((You are very nimble when in or above water. (Stealth+, EV+, Speed+++)))
Your lower body shifts to a powerful aquatic tail in water.


Message History

Magic restored.
You now have 204 gold pieces (gained 18).
You see here a +0 shortbow.
Found a stone staircase leading down.
A centaur comes into view.
A centaur is nearby!
You grow a pair of large bovine horns.
Your +1 pair of boots of flying melds into your body.
You float gracefully downwards.
The centaur shouts!
The centaur wields a +0 shortbow.
The centaur shoots an arrow.
The arrow hits you!
The centaur shoots an arrow.
The arrow hits you!
The centaur shoots an arrow.
The arrow hits you.
You are too injured to fight recklessly!
The centaur shoots an arrow.
The arrow closely misses you.
The centaur shoots an arrow.
The arrow closely misses you.
The centaur shoots an arrow.
The arrow barely misses you.
The centaur shoots an arrow.
The arrow hits you!
* * * LOW HITPOINT WARNING * * *
There is a stone staircase leading down, spattered with blood here.
The centaur shoots an arrow.
The arrow hits you!
* * * LOW HITPOINT WARNING * * *
You climb downwards.
Maggie shouts!
The iguana hisses angrily.
Found a pair of boots, a leather armour and 12 gold pieces.
Found a sacrificial altar of Ru.
There is a stone staircase leading up here.
You climb upwards.
The centaur shoots an arrow.
The arrow barely misses you.
The centaur shoots an arrow.
The arrow closely misses you. The dart slug launches a dart at you.
The slug dart misses you.
There is a stone staircase leading down, spattered with blood here.
The air fills with toxic fumes!
As you read the scroll of poison, it crumbles to dust.
The centaur shoots an arrow.
The arrow hits you.
* * * LOW HITPOINT WARNING * * *
As you read the scroll of teleportation, it crumbles to dust.
You feel strangely unstable.
The centaur shoots an arrow.
The arrow hits you!
You die...

### §§ #.. #§# .. #
#.....# #§§##.. §###
....## #§§§.# #§§§§ .##
#§§§§# ##§§§§§ # .
#c§§##§§§§§§§ #.c#
..###§§§§§§§§§§§§...# #.#
..§§w§§§§@§§§§§§§...# #..
..§§§§§§§§§§§§§§§...# ##..
.§§#§§§§§§§§§§§§...###..#
#§§§§§§###§§§§.......##
..§§§§###§## #§§.......##
..§§§# #§§# ##§..# ##...
..§######§§####...## #...
........§§§.....#..####...
. ...........#####...#....


You could see a centaur and a dart slug.

Vanquished Creatures
  Sigmund (D:4)
  A water moccasin (D:5)
  A centaur (D:5)
  A phantom (D:4)
  2 sleepcaps
  3 iguanas
  An orc wizard (D:3)
  6 adders
  2 gnolls (D:1)
  2 worms
  A dart slug (D:1)
  7 orcs
  7 endoplasms
  2 giant cockroaches (D:3)
  8 goblins
  7 hobgoblins
  6 jackals
  8 kobolds
  4 quokkas (D:3)
  9 ball pythons
  2 bats
  A frilled lizard (D:1)
  6 rats
88 creatures vanquished.

Notes
Turn   | Place    | Note
-------+----------+-------------------------------------------
     0 | D:1      | growler the Merfolk Transmuter began the quest for the Orb.
     0 | D:1      | Reached XP level 1. HP: 15/15 MP: 3/3
   130 | D:1      | Reached XP level 2. HP: 21/21 MP: 3/5
   231 | D:1      | Reached XP level 3. HP: 20/26 MP: 6/6
   239 | D:1      | Learned a level 2 spell: Wereblood
   243 | D:1      | Learned a level 3 spell: Spider Form
   703 | D:2      | Reached skill level 4 in Unarmed Combat
   930 | D:2      | Reached XP level 4. HP: 22/32 MP: 6/8
  1435 | D:3      | Reached skill level 5 in Unarmed Combat
  1435 | D:3      | Reached XP level 5. HP: 32/37 MP: 4/9
  2470 | D:4      | Noticed a phantom
  2483 | D:4      | Noticed Sigmund
  2680 | D:4      | Reached skill level 6 in Unarmed Combat
  2682 | D:4      | Killed a phantom
  2683 | D:4      | Reached XP level 6. HP: 7/43 MP: 5/10
  2966 | D:4      | Killed Sigmund
  2967 | D:4      | Reached skill level 7 in Unarmed Combat
  2967 | D:4      | Reached XP level 7. HP: 37/48 MP: 2/11
  3417 | D:5      | Entered Level 5 of the Dungeon
  3488 | D:5      | Reached skill level 8 in Unarmed Combat
  3870 | D:5      | Reached skill level 9 in Unarmed Combat
  3920 | D:6      | Noticed Maggie
  3920 | D:6      | Found a sacrificial altar of Ru.
  3923 | D:5      | HP: 2/48 [centaur/arrow (4)]
  3924 | D:5      | Shot with an arrow by a centaur

Illustrated notes

Levels and vault maps discovered:
D:1:      sevenhm_arrival_forest_fort_small_6, layout_basic,
          minmay_curled_crystal, minmay_tetromino_l2
D:2:      layout_rooms
D:3:      layout_loops_ring, serial_co_window_serial,
          co_window_of_opportunity_a, co_window_corner_a,
          co_window_of_opportunity_a, co_window_of_opportunity_a,
          co_window_of_opportunity_a, co_window_2corner,
          co_window_unsneaky_path_a, co_window_paths_c, co_window_corner_b,
          co_window_paths_c, glass_columns_c, glass_columns_c, glass_columns_a,
          kennysheep_generic_room_10
D:4:      layout_rooms, uniq_sigmund
D:5:      layout_layer_cave, nicolae_gozag_seed_capital, gammafunk_ghost_hive,
          hangedman_decor_diamond_cutter, uniq_prince_ribbit1
D:6:      layout_loops_ring, grunt_temple_overflow_open,
          minmay_temple_entry_large_hall, abandoned_shop, uniq_maggie,
          uniq_duvessa, uniq_grinder, uniq_blork_the_orc

Skill      XL: |  1  2  3  4  5  6  7 |
---------------+----------------------+-----
Transmutations | 3 4 |  4.0
Unarmed Combat | 4 5 6 7 9 |  9.0
Spellcasting   | 3 |  3.0
Fighting       | |  1.1
Dodging        | |  2.6

Action                     |  1- 3 |  4- 6 |  7- 9 || total
---------------------------+-------+-------+-------++-------
  Melee: Unarmed           |    91 |   139 |    50 ||   280
         Punch             |     3 |     2 |     2 ||     7
         Headbutt          |     4 |    20 |     4 ||    28
   Cast: Beastly Appendage |    18 |    19 |     8 ||    45
         Spider Form       |     1 |     4 |     3 ||     8
         Wereblood         |       |     2 |     1 ||     3
    Use: Potion            |     1 |       |       ||     1
         Scroll            |       |     6 |     2 ||     8
   Stab: Sleeping          |     3 |     1 |       ||     4
 Armour: Robe              |    16 |    17 |     7 ||    40
         Skin              |    14 |     1 |     1 ||    16
  Dodge: Dodged            |    45 |    86 |    40 ||   171
